 Dungeon Crawl Stone Soup version 0.29-a0-356-g7bc237e783 (webtiles) character file.

Game seed: 10391332771105927780

544 Juicyj the Caller (level 7, -4/39 HPs)
             Began as a Tengu Summoner on Apr 26, 2022.
             Was an Initiate of Sif Muna.
             Slain by an orc warrior
             ... wielding a +0 morningstar
              (16 damage)
             ... on level 5 of the Dungeon.
             The game lasted 00:17:57 (5466 turns).

Juicyj the Caller (Tengu Summoner)                  Turns: 5466, Time: 00:17:59

Health: -4/39      AC:  4    Str: 11    XL:     7   Next: 27%
Magic:  7/13       EV: 15    Int: 21    God:    Sif Muna [......]
Gold:   212        SH:  0    Dex: 14    Spells: 4/13 levels left

rFire   . . .      SeeInvis .   c - +0 quarterstaff
rCold   . . .      Faith    .   (shield currently unavailable)
rNeg    + . .      Spirit   .   h - +2 robe of Itegh {Int+3}
rPois   +          Reflect  .   (helmet restricted)
rElec   .          Harm     .   (no cloak)
rCorr   .          Rampage  .   (no gloves)
Will    .....                   (boots unavailable)
Stlth   +++.......              i - amulet of the acrobat
HPRegen 0.13/turn               e - ring "Oghae" {*Corrode rPois rN+ Str+3 Stlth+}
MPRegen 0.13/turn               (no ring)

@: flying quickly and evasively, quick
A: beak, talons 3, nimble flight
a: Renounce Religion


You were on level 5 of the Dungeon.
You worshipped Sif Muna.
Sif Muna was noncommittal.
You visited 2 branches of the dungeon, and saw 6 of its levels.

You collected 212 gold pieces.

Inventory:

Hand Weapons
 c - a +0 quarterstaff (weapon)
Armour
 a - a +0 robe
 f - the +1 ring mail "Zomp" {rN+ Will+ Str-2}
   (You found it on level 2 of the Dungeon)

   Str:       It affects your strength (-2).
   rN:        It protects you from negative energy.
   Will:      It increases your willpower.
 h - the +2 robe of Itegh (worn) {Int+3}
   (You found it on level 2 of the Dungeon)

   Int:       It affects your intelligence (+3).
 n - a +0 ring mail
Jewellery
 e - the ring "Oghae" (left hand) {*Corrode rPois rN+ Str+3 Stlth+}
   (You acquired it on level 3 of the Dungeon)

   [ring of positive energy]

   Str:       It affects your strength (+3).
   rPois:     It protects you from poison.
   rN:        It protects you from negative energy.
   *Corrode:  It may corrode you when you take damage.
   Stlth:     It makes you more stealthy.
 i - an amulet of the acrobat (around neck)
Wands
 g - a wand of iceblast (2)
 l - a wand of digging (9)
Scrolls
 p - a scroll of fog
Potions
 b - a potion of magic
 d - 2 potions of brilliance
 j - a potion of degeneration
 k - a potion of mutation
 m - a potion of haste
 o - a potion of heal wounds


   Skills:
 + Level 1.9 Fighting
 + Level 3.7 Staves
 + Level 0.1 Armour
 + Level 3.1 Dodging
 * Level 3.5 Stealth
 + Level 3.7 Spellcasting
 + Level 6.2 Summonings
 + Level 0.7 Evocations


You had 4 spell levels left.
You knew the following spells:

 Your Spells              Type           Power      Damage    Failure   Level
a - Summon Small Mammal   Summ           100%       N/A       1%          1
b - Call Imp              Summ           30%        N/A       1%          2
c - Call Canine Familiar  Summ           30%        N/A       3%          3
d - Summon Guardian Gole  Hex/Summ       17%        N/A       11%         3

Your spell library contained the following spells:

 Spells                   Type           Power      Damage    Failure   Level
 Summon Lightning Spire   Summ/Air       17%        N/A       34%         4


Dungeon Overview and Level Annotations

Branches:
Dungeon (5/15)             Temple (1/1) D:4

Altars:
Ashenzari
Cheibriados
Dithmenos
Elyvilon
Fedhas
Gozag
Hepliaklqana
Kikubaaqudgha
Makhleb
Nemelex Xobeh
Okawaru
Qazlal
Ru
Sif Muna
Trog
Uskayaw
Vehumet
Wu Jian
Xom
Yredelemnul
Zin
The Shining One

Shops:
D:2 *   D:4 [


Innate Abilities, Weirdness & Mutations

You have a beak for a mouth.
You have claws for feet.
Your magical nature lets you fly swiftly and evasively.


Message History

You claw the orc warrior.
The orc warrior is moderately wounded.
Your hound bites the orc warrior but does no damage.
The orc warrior misses you.
Your hound closely misses the orc warrior.
You hit the orc warrior but do no damage.
The orc warrior is moderately wounded.
Your hound bites the orc warrior but does no damage.
The orc warrior hits you with a +0 morningstar!!
Your hound barely misses the orc warrior.
You hit the orc warrior.
You claw the orc warrior, but do no damage.
The orc warrior is heavily wounded.
The orc warrior barely misses you.
Your hound bites the orc warrior but does no damage.
You hit the orc warrior. You claw the orc warrior!
The orc warrior is almost dead.
Your hound closely misses the orc warrior.
The orc warrior hits you with a +0 morningstar!
* * * LOW HITPOINT WARNING * * *
Your hound bites the orc warrior but does no damage.
You are too injured to fight recklessly!
Casting: Call Canine Familiar (dangerous; 3% risk of failure)
Confirm with . or Enter, or press ? or * to list all spells.
The orc warrior closely misses your hound.
Your hound barely misses the orc warrior.
Your hound barely misses the orc warrior.
The orc warrior hits your hound with a +0 morningstar!
Your hound dies!
Your hound's corpse disappears in a puff of smoke!
Casting: Summon Small Mammal (safe; 1% risk of failure)
Confirm with . or Enter, or press ? or * to list all spells.
A beastly little devil appears in a puff of frigid air.
You catch the helpless orc warrior completely off-guard!
You hit the orc warrior. Your kick misses the orc warrior.
Your peck misses the orc warrior.
The orc warrior is almost dead.
Your rat bites the orc warrior but does no damage.
The orc warrior hits you with a +0 morningstar!
You die...

.....# .....#
.....# .....#
..... #####
)§.#
#...#######...#
#.....#..@o5..#
#.....#..r.)..#
#.....'.......#
###'###########
#....###
#...†..#
#......#
#......#
#......#


You could see an orc warrior (ally target), a friendly white imp (summoned) and
a friendly rat (summoned).

Vanquished Creatures
  Menkaure (D:4)
  A black bear (D:4)
  A hound (D:4)
  2 orc wizards (D:4)
  3 adders
  3 gnolls (D:3)
  A worm (D:4)
  9 orcs
  3 bats
  3 endoplasms (D:4)
  2 giant cockroaches
  2 hobgoblins
  2 jackals
  2 kobolds
  2 quokkas
  4 ball pythons
  A frilled lizard (D:3)
  3 goblins
  A rat (D:2)
46 creatures vanquished.

Vanquished Creatures (collateral kills)
  The ghost of zishaf the Sneak, an amateur VSBr (D:4)
  An orc wizard (D:3)
  A gnoll (D:3)
  3 dart slugs
  4 orcs
  8 endoplasms
  A giant cockroach (D:2)
  7 goblins
  5 hobgoblins
  A jackal (D:3)
  A quokka (D:2)
  2 ball pythons
  3 bats (D:1)
  2 frilled lizards (D:2)
  4 kobolds
  3 rats
47 creatures vanquished.

Vanquished Creatures (others)
  5 fungi (D:3)
  10 plants (D:3)
15 creatures vanquished.

Grand Total: 108 creatures vanquished

Notes
Turn   | Place    | Note
-------+----------+-------------------------------------------
     0 | D:1      | Juicyj the Tengu Summoner began the quest for the Orb.
     0 | D:1      | Reached XP level 1. HP: 10/10 MP: 4/4
    83 | D:1      | Reached skill level 5 in Summonings
   451 | D:1      | Reached XP level 2. HP: 8/15 MP: 3/6
   607 | D:1      | Learned a level 2 spell: Call Imp
  1232 | D:2      | Identified the +1 ring mail "Zomp" {rN+ Will+ Str-2}
  1411 | D:2      | Reached XP level 3. HP: 19/19 MP: 7/7
  1498 | D:2      | Identified the +2 robe of Itegh {Int+3}
  1926 | D:2      | Found Venno's Assorted Antiques.
  2343 | D:3      | Reached skill level 1 in Staves
  2345 | D:3      | Reached XP level 4. HP: 24/24 MP: 4/8
  2953 | D:3      | Found a faded altar of an unknown god.
  3254 | D:3      | Learned a level 3 spell: Call Canine Familiar
  3332 | D:3      | Identified a scroll of acquirement
  3332 | D:3      | Acquired the ring "Oghae" {*Corrode rPois rN+ Str+3 Stlth+}
  3776 | D:3      | Gained mutation: Your magical nature lets you fly swiftly
                  | and evasively. [Tengu growth]
  3776 | D:3      | Reached XP level 5. HP: 28/28 MP: 7/10
  3789 | D:3      | Reached skill level 1 in Fighting
  4425 | D:4      | Found Ziysoumm's Armour Boutique.
  4663 | D:4      | Noticed Menkaure
  4668 | D:4      | Killed Menkaure
  4669 | D:4      | Reached XP level 6. HP: 34/34 MP: 10/12
  4695 | D:4      | Found a staircase to the Ecumenical Temple.
  4709 | Temple   | Entered the Ecumenical Temple
  4826 | Temple   | Became a worshipper of Sif Muna the Loreminder
  5037 | D:4      | Reached skill level 6 in Summonings
  5066 | D:4      | Learned a level 3 spell: Summon Guardian Golem
  5104 | D:4      | Noticed a black bear
  5124 | D:4      | Killed a black bear
  5125 | D:4      | Reached XP level 7. HP: 14/39 MP: 13/13
  5319 | D:4      | Found a snail-covered altar of Cheibriados.
  5377 | D:4      | Found a runed translucent door.
  5377 | D:4      | Noticed zishaf's ghost (amateur VSBr)
  5396 | D:4      | Killed zishaf's ghost
  5415 | D:5      | Entered Level 5 of the Dungeon
  5466 | D:5      | Slain by an orc warrior

Illustrated notes

Levels and vault maps discovered:
D:1:      beargit_arrival_greenhouse, layout_loops_cross
D:2:      layout_loops_ring, serial_shops, shop, minmay_small_reverse_x
D:3:      layout_loops_ring, shapermc_ecumenical_altar_mp_ritualfount
D:4:      layout_basic, cheibrodos_worm_habitat,
          minmay_temple_entry_statues_pillars, gammafunk_ghost_grave,
          serial_shops, nicolae_shop_advertising_works
          [nicolae_subvault_shop_adworks], chequers_mini_garden, uniq_menkaure
D:5:      layout_gridville, minmay_misc_feat_columns,
          dreamdust_mushroom_princess, uniq_blork_the_orc
Temple:   mainiacjoe_temple_archimedes_tessellation

Skill      XL: |  1  2  3  4  5  6 |
---------------+-------------------+-----
Summonings     | 5 6 |  6.2
Staves         | 1 2 3 |  3.7
Spellcasting   | 3 |  3.7
Fighting       | 1 |  1.9
Dodging        | 3 |  3.1
Stealth        | 3 |  3.5
Armour         | |  0.1
Evocations     | |  0.7

Action                   |  1- 3 |  4- 6 |  7- 9 || total
-------------------------+-------+-------+-------++-------
Melee: Unarmed           |    11 |       |       ||    11
       Kick              |    13 |    18 |     7 ||    38
       Peck              |     7 |    10 |     2 ||    19
       Quarterstaff      |    32 |    80 |    17 ||   129
 Cast: Summon Small Mamm |    12 |       |     1 ||    13
       Call Imp          |    14 |    22 |     5 ||    41
       Call Canine Famil |       |       |     1 ||     1
Evoke: Wand              |       |     7 |     1 ||     8
  Use: Scroll            |     8 |     4 |       ||    12
       Potion            |       |     2 |       ||     2
 Stab: Distracted        |     1 |       |     1 ||     2
Armor: Robe              |    14 |    25 |       ||    39
       Ring mail         |     9 |       |       ||     9
Dodge: Dodged            |    45 |    80 |    11 ||   136

Table legend: (Time is in decaauts)
 A = Elapsed time spent in this place.
 B = Non-inter-level travel time spent in this place.
 C = Inter-level travel time spent in this place.
 D = Time resting spent in this place.
 E = Time spent auto-exploring this place.
 F = Levels seen in this place.
 G = Mean time per level.
                   A        B        C        D        E       F      G
               +--------+--------+--------+--------+--------+-----+--------+
         Total |   5421 |   5355 |     66 |   1173 |   3122 |   6 |  903.5 |
       Dungeon |   5194 |   5140 |     54 |   1173 |   2955 |   5 | 1038.8 |
        Temple |    227 |    216 |     11 |      0 |    166 |   1 |  227.0 |
               +--------+--------+--------+--------+--------+-----+--------+

Top non-repeatable levels by time:
     D:3: 1864 daAuts
     D:1: 1217 daAuts
     D:2: 1120 daAuts
     D:4: 941 daAuts
  Temple: 227 daAuts
     D:5: 49 daAuts
